 Dungeon Crawl Stone Soup version 0.28-a0-834-g1a73be5ee4 (webtiles) character file.

Game seed: 13287870373308876234

96 Gargoyl the Skirmisher (level 4, -7/41 HPs)
             Began as a Gnoll Abyssal Knight on Nov 10, 2021.
             Was a Follower of Lugonu.
             Killed by divine providence
             ... invoked by an orc priest
              (13 damage)
             ... on level 3 of the Dungeon on Nov 11, 2021.
             The game lasted 00:05:02 (2841 turns).

Gargoyl the Skirmisher (Gnoll Abyssal Knight)       Turns: 2841, Time: 00:05:03

Health: -7/41      AC:  6    Str: 13    XL:     4   Next: 67%
Magic:  7/7        EV: 11    Int: 10    God:    Lugonu [*.....]
Gold:   71         SH:  3    Dex: 12    Spells: 5/5 levels left

rFire   . . .      SeeInvis .   a - +1 hand axe
rCold   . . .      Faith    .   c - +0 buckler
rNeg    . . .      Spirit   .   b - +0 leather armour
rPois   .          Reflect  .   i - +0 helmet
rElec   .          Harm     .   (no cloak)
rCorr   .          Rampage  .   (no gloves)
Will    .....                   e - +0 pair of boots
Stlth   +.........              (no amulet)
HPRegen 0.13/turn               (no ring)
MPRegen 0.10/turn               (no ring)

@: no status effects
A: fangs 1, strong nose, distributed training
a: Renounce Religion, Depart the Abyss


You were on level 3 of the Dungeon.
You worshipped Lugonu.
Lugonu was aware of your devotion.
You visited 1 branch of the dungeon, and saw 3 of its levels.
You visited the Abyss 1 time.

You collected 71 gold pieces.

Inventory:

Hand Weapons
 a - a +1 hand axe (weapon)
Armour
 b - a +0 leather armour (worn)
 c - a +0 buckler (worn)
 e - a +0 pair of boots (worn)
 i - a +0 helmet (worn)
Scrolls
 g - a scroll of teleportation
Potions
 d - a potion of berserk rage {unknown}
 f - a potion of heal wounds
 h - a potion of curing
 k - a potion of flight {unknown}


   Skills:
 + Level 6.6 Fighting
 + Level 1.2 Short Blades
 + Level 1.2 Long Blades
 + Level 4.7 Axes
 + Level 1.2 Maces & Flails
 + Level 1.2 Polearms
 + Level 1.2 Staves
 + Level 1.2 Slings
 + Level 1.2 Bows
 + Level 1.2 Crossbows
 + Level 1.2 Throwing
 + Level 4.7 Armour
 + Level 2.8 Dodging
 + Level 1.2 Stealth
 + Level 1.2 Shields
 + Level 1.2 Unarmed Combat
 + Level 1.2 Spellcasting
 + Level 1.0 Conjurations
 + Level 1.0 Hexes
 + Level 1.0 Summonings
 + Level 1.0 Necromancy
 + Level 1.0 Translocations
 + Level 1.0 Transmutations
 + Level 1.0 Fire Magic
 + Level 1.0 Ice Magic
 + Level 1.0 Air Magic
 + Level 1.0 Earth Magic
 + Level 1.0 Poison Magic
 + Level 4.7 Invocations
 + Level 1.2 Evocations


You had 5 spell levels left.
You didn't know any spells.
Your spell library was empty.

Dungeon Overview and Level Annotations

Branches:
Dungeon (3/15)

Altars:
Fedhas
Makhleb


Innate Abilities, Weirdness & Mutations

You have very sharp teeth.
Your uncanny sense of smell can sniff out nearby items.
Your experience applies equally to all skills.


Message History

The orc priest begins to cast a cantrip, but forgets the words!
Something hits you.
* * * LOW HITPOINT WARNING * * *
The adder bites you but does no damage.
The orc wizard casts a spell.
The orc wizard flickers and vanishes!
Unknown command.
The adder bites you but does no damage. The adder barely misses you.
Something hits you but does no damage.
You barely miss something. Your bite misses something. You miss something.
You closely miss the adder. You closely miss something.
You hear some strange, mumbled words.
Something tries to affect you, but you resist.
The adder barely misses you.
Something hits you but does no damage. x3
You miss something. x2; You barely miss something.
You hit the adder. You hit the orc. The adder completely misses you.
You hear some strange, mumbled words.
Something tries to affect you, but you resist.
The orc closely misses you. The adder barely misses you. Something hits you.
* * * LOW HITPOINT WARNING * * *
Something hits you but does no damage.
It was a potion of heal wounds.
You feel much better.
You feel less confused. The adder bites you.
Something hits you but does no damage. The orc hits you with a +0 whip.
Something hits you but does no damage. Something hits you.
Something hits you but does no damage. The adder bites you.
You block something's attack.
There is an open door here.
The adder bites you.
An orc wizard appears from thin air!
Reactivating autopickup.
The orc wizard casts a spell at you. The magic dart hits you.
The adder bites you but does no damage.
The orc wizard gestures at you while chanting.
The puff of flame hits you!
* * * LOW HITPOINT WARNING * * *
The orc priest mumbles some strange prayers to Beogh against you.
Beogh smites you!
You die...

####..#....).....#
#...#......#
####..#..........#
#...#####'#...
...#..#..........#
#...#####.#...
##.#..#.##########
#............. ......#.#
##......###.... ##.#.##.#
########.......# ....
##<#....# #......#.......#
....
############......#.......#
...(
...............S@^#.....###
....
..................#.....#
.###
#########.........#.....#
...# #...o##########.# ...#
#.#o## #.#
...######'#'###########.#
...##.....o....##.....#.#
....'.o.......).'.......#
#####..........##......##


You could see an orc priest, an orc wizard and an adder.

Vanquished Creatures
  4 adders
  2 worms
  4 orcs (D:3)
  3 bats
  4 endoplasms
  7 giant cockroaches
  3 goblins (D:1)
  7 hobgoblins
  4 quokkas
  4 kobolds
  2 rats
44 creatures vanquished.

Notes
Turn   | Place    | Note
-------+----------+-------------------------------------------
     0 | Abyss:1  | Gargoyl the Gnoll Abyssal Knight began the quest for the
                  | Orb.
     0 | Abyss:1  | Reached XP level 1. HP: 23/23 MP: 3/3
   100 | Abyss:3  | Found a corrupted altar of Lugonu.
   121 | Abyss:3  | Noticed a raiju
   140 | Abyss:3  | Noticed a flayed ghost
   173 | Abyss:3  | Noticed a thrashing horror
   179 | Abyss:3  | Noticed a rakshasa
   180 | D:1      | Escaped the Abyss
   415 | D:1      | Upgraded the game from 0.28-a0-823-gb444dcf96d to
                  | 0.28-a0-834-g1a73be5ee4
   469 | D:1      | Reached * piety under Lugonu
   587 | D:1      | Reached XP level 2. HP: 15/29 MP: 5/5
  1270 | D:2      | Reached XP level 3. HP: 29/35 MP: 6/6
  1768 | D:2      | Reached skill level 1 in Short Blades
  1768 | D:2      | Reached skill level 1 in Long Blades
  1768 | D:2      | Reached skill level 1 in Maces & Flails
  1768 | D:2      | Reached skill level 1 in Polearms
  1768 | D:2      | Reached skill level 1 in Staves
  1768 | D:2      | Reached skill level 1 in Slings
  1768 | D:2      | Reached skill level 1 in Bows
  1768 | D:2      | Reached skill level 1 in Crossbows
  1768 | D:2      | Reached skill level 1 in Throwing
  1768 | D:2      | Reached skill level 1 in Stealth
  1768 | D:2      | Reached skill level 1 in Shields
  1768 | D:2      | Reached skill level 1 in Unarmed Combat
  1768 | D:2      | Reached skill level 1 in Spellcasting
  1768 | D:2      | Reached skill level 1 in Evocations
  1889 | D:2      | Reached XP level 4. HP: 35/41 MP: 7/7
  2600 | D:3      | Found a burning altar of Makhleb.
  2608 | D:3      | Reached skill level 1 in Conjurations
  2608 | D:3      | Reached skill level 1 in Hexes
  2608 | D:3      | Reached skill level 1 in Summonings
  2608 | D:3      | Reached skill level 1 in Necromancy
  2608 | D:3      | Reached skill level 1 in Translocations
  2608 | D:3      | Reached skill level 1 in Transmutations
  2608 | D:3      | Reached skill level 1 in Fire Magic
  2608 | D:3      | Reached skill level 1 in Ice Magic
  2608 | D:3      | Reached skill level 1 in Air Magic
  2608 | D:3      | Reached skill level 1 in Earth Magic
  2608 | D:3      | Reached skill level 1 in Poison Magic
  2696 | D:3      | Found a blossoming altar of Fedhas.
  2841 | D:3      | Killed from afar by an orc priest

Illustrated notes

Levels and vault maps discovered:
D:1:      erik_arrival_triangle_small, layout_loops_ring
D:2:      layout_rooms
D:3:      cheibrodos_pilgrimage, layout_basic, slow_altar_1,
          mainiacjoe_overflow_catch_the_wave

Skill      XL: |  1  2  3  4 |
---------------+-------------+-----
Short Blades   | 1 |  1.2
Long Blades    | 1 |  1.2
Maces & Flails | 1 |  1.2
Polearms       | 1 |  1.2
Staves         | 1 |  1.2
Slings         | 1 |  1.2
Bows           | 1 |  1.2
Crossbows      | 1 |  1.2
Throwing       | 1 |  1.2
Stealth        | 1 |  1.2
Shields        | 1 |  1.2
Unarmed Combat | 1 |  1.2
Spellcasting   | 1 |  1.2
Evocations     | 1 |  1.2
Conjurations   | 1 |  1.0
Hexes          | 1 |  1.0
Summonings     | 1 |  1.0
Necromancy     | 1 |  1.0
Translocations | 1 |  1.0
Transmutations | 1 |  1.0
Fire Magic     | 1 |  1.0
Ice Magic      | 1 |  1.0
Air Magic      | 1 |  1.0
Earth Magic    | 1 |  1.0
Poison Magic   | 1 |  1.0
Fighting       | |  6.6
Axes           | |  4.7
Armour         | |  4.7
Dodging        | |  2.8
Invocations    | |  4.7

Action                   |  1- 3 |  4- 6 || total
-------------------------+-------+-------++-------
Melee: Hand axe          |   111 |    55 ||   166
       Bite              |    12 |     5 ||    17
Invok: Depart the Abyss  |     1 |       ||     1
  Use: Scroll            |     6 |       ||     6
       Potion            |       |     2 ||     2
 Stab: Sleeping          |     3 |     1 ||     4
Armor: Leather armour    |    36 |    37 ||    73
Dodge: Dodged            |    50 |    34 ||    84
Block: Buckler           |    15 |     7 ||    22

Table legend: (Time is in decaauts)
 A = Elapsed time spent in this place.
 B = Non-inter-level travel time spent in this place.
 C = Inter-level travel time spent in this place.
 D = Time resting spent in this place.
 E = Time spent auto-exploring this place.
 F = Levels seen in this place.
 G = Mean time per level.
                   A        B        C        D        E       F      G
               +--------+--------+--------+--------+--------+-----+--------+
         Total |   2864 |   2816 |     48 |      0 |   2200 |   6 |  477.3 |
       Dungeon |   2684 |   2636 |     48 |      0 |   2089 |   3 |  894.7 |
         Abyss |    179 |    179 |      0 |      0 |    111 |   3 |   59.7 |
               +--------+--------+--------+--------+--------+-----+--------+

Top non-repeatable levels by time:
     D:1: 1089 daAuts
     D:2: 889 daAuts
     D:3: 705 daAuts
 Abyss:2: 81 daAuts
 Abyss:3: 79 daAuts
 Abyss:1: 18 daAuts
